Map: [G8] Altitude

Players

Classic

  • Race: Protoss Protoss
  • Spawn Location: 7:00

Cure - Winner!

  • Race: Terran Terran
  • Spawn Location: 1:00

Event: Gamers8 2023

VOD

Have the link to the VOD?

Description

Time

  • Played on: Aug. 5, 2023, 1:48 p.m.
  • Length: 16:53

All games in this series

Show
View Real Time Build Order
Export as new Build Order

Classic Protoss 

Build Orders: 1 Gate Expand, Phoenix Opening, Blink Stalkers 

Get SALT Encoding   

  12  0:00  Probe  
  13  0:12  Probe  
  14  0:18  Pylon  
  14  0:24  Probe  
  15  0:37  Gateway  
  15  0:38  Probe (Chrono Boost)  
  16  0:47  Assimilator, Probe (Chrono Boost)  
  17  0:52  Probe (Chrono Boost)  
  18  1:04  Probe  
  19  1:16  Probe  
  20  1:24  Cybernetics Core  
  20  1:34  Nexus  
  20  1:40  Pylon  
  20  1:43  Probe  
  21  1:51  Assimilator  
  21  1:56  Probe  
  21  1:58  Adept (Chrono Boost)  
  24  2:02  Warp Gate  
  24  2:08  Probe  
  25  2:20  Probe  
  25  2:21  Sentry (Chrono Boost)  
  28  2:32  Probe  
  28  2:35  Stalker (Chrono Boost)  
  31  2:46  Probe (Chrono Boost), Twilight Council  
  31  2:50  Probe (Chrono Boost)  
  33  2:57  Probe (Chrono Boost)  
  35  3:00  Probe (Chrono Boost)  
  35  3:01  Probe (Chrono Boost)  
  35  3:04  Phoenix  
  36  3:10  Probe  
  36  3:12  Probe  
  38  3:14  Gateway x2  
  38  3:21  Blink (Chrono Boost)  
  38  3:22  Probe  
  38  3:23  Pylon  
  38  3:24  Probe  
  40  3:34  Probe  
  40  3:37  Probe  
  42  3:42  Robotics Facility  
  42  3:45  Assimilator  
  42  3:46  Probe  
  43  3:49  Probe  
  43  3:52  Stalker  
  46  3:58  Probe  
  46  4:01  Pylon, Probe  
  47  4:10  Assimilator  
  47  4:12  Stalker x2  
  47  4:14  Probe  
  53  4:18  Stalker  
  53  4:28  Probe x2  
  54  4:35  Stalker  
  55  4:41  Probe x2  
  57  4:45  Pylon  
  57  4:53  Templar Archives, Observer, Probe x2 (Chrono Boost)  
  60  5:00  Pylon  
  60  5:04  Probe x2 (Chrono Boost)  
  62  5:08  Probe x2 (Chrono Boost)  
  62  5:14  Nexus  
  64  5:26  Gateway  
  64  5:27  Gateway  
  64  5:28  Psionic Storm  
  64  5:31  Gateway  
  64  5:34  High Templar x2  
  68  5:39  Observer  
  68  5:42  Zealot  
  70  5:48  Pylon  
  70  5:52  Probe x2  
  72  6:04  Probe x2  
  72  6:07  Pylon  
  72  6:14  High Templar x2  
  72  6:16  Probe x2  
  78  6:19  Gateway  
  78  6:21  Gateway  
  78  6:24  Pylon  
  78  6:28  Probe x3  
  78  6:32  Immortal (Chrono Boost)  
  81  6:34  Pylon  
  81  6:37  Shield Battery  
  85  6:40  Probe x2  
  85  6:42  High Templar  
  85  6:43  High Templar  
  91  6:47  Zealot x2  
  91  6:51  Charge (Chrono Boost)  
  91  6:52  Zealot  
  97  6:57  Pylon, Probe x2  
  97  6:58  Probe  
  100  7:03  Shield Battery  
  100  7:05  Pylon  
  100  7:08  Immortal (Chrono Boost)  
  104  7:16  Probe  
  104  7:17  Assimilator, Probe x2  
  107  7:24  Zealot x3  
  107  7:25  Zealot  
  107  7:27  Pylon  
  115  7:32  Zealot x2  
  115  7:33  Zealot  
  119  7:38  Forge  
  119  7:39  Warp Prism (Chrono Boost)  
  121  7:46  Robotics Bay  
  121  7:48  Robotics Facility  
  121  7:52  Assimilator  
  121  7:55  Probe x3  
  124  8:00  Pylon  
  124  8:07  Observer (Chrono Boost)  
  124  8:11  High Templar x2  
  129  8:14  Pylon  
  129  8:15  Zealot x5  
  129  8:16  Shield Battery  
  139  8:20  Pylon, Protoss Ground Weapons Level 1 (Chrono Boost)  
  139  8:22  Pylon  
  139  8:35  Nexus  
  139  8:37  Colossus (Chrono Boost)  
  145  8:43  Colossus (Chrono Boost)  
  151  8:49  Extended Thermal Lance  
  151  8:52  Pylon  
  144  8:59  Pylon  
  143  9:11  Probe x3  
  143  9:13  Zealot x6  
  158  9:21  Colossus (Chrono Boost)  
  154  9:45  Zealot x8  
  146  9:52  Colossus (Chrono Boost)  
  138  9:58  Archon  
  144  10:02  Forge  
  144  10:03  Shield Battery  
  144  10:10  Stalker x5  
  144  10:11  Stalker  
  156  10:21  Zealot x2  
  146  10:27  Archon  
  142  10:34  Zealot x6  
  134  10:35  Disruptor (Chrono Boost)  
  133  10:42  Probe  
  133  10:43  Probe x3  
  133  10:45  Disruptor (Chrono Boost)  
  133  10:46  Protoss Ground Armor Level 1 (Chrono Boost)  
  133  10:47  Protoss Ground Weapons Level 2 (Chrono Boost)  
  133  10:49  High Templar x2  
  140  10:52  Observer  
  140  10:54  Pylon  
  140  10:55  Probe x4  
  144  10:58  Photon Cannon  
  144  11:08  Observer (Chrono Boost)  
  145  11:12  Assimilator  
  145  11:17  Stalker x4  
  145  11:18  Stalker x2  
  158  11:20  Disruptor (Chrono Boost)  
  158  11:21  Observer (Chrono Boost)  
  161  11:36  Zealot x2, Archon  
  161  11:37  Disruptor (Chrono Boost)  
  167  11:40  Zealot x2  
  167  11:41  Zealot x4  
  165  11:49  Disruptor (Chrono Boost)  
  168  12:02  Robotics Facility, Zealot x7  
  168  12:03  Zealot  
  183  12:24  Stalker x6  
  183  12:25  Stalker x2  
  184  12:37  Observer  
  184  12:44  Disruptor x2  
  184  12:49  Zealot x8  
  194  12:55  Pylon  
  178  13:07  Disruptor  
  178  13:11  Zealot x4  
  178  13:12  Zealot x2  
  193  13:19  Zealot x8  
  193  13:20  Pylon, Observer x2  
  191  13:39  Nexus  
  191  13:41  Disruptor  
  191  13:47  Warp Prism, Disruptor  
  199  13:53  Pylon, Gateway  
  199  13:56  Gateway  
  159  14:38  High Templar x3  
  141  14:48  Pylon, Nexus  
  121  15:19  Shield Battery  
  120  15:21  Shield Battery  
  120  15:23  Shield Battery  
  120  15:25  Shield Battery  
  120  15:27  Shield Battery  
  120  15:28  Pylon  
  120  15:29  Pylon  
  118  16:01  Archon  
  118  16:09  Pylon  
Show
View Real Time Build Order
Export as new Build Order

Cure Terran - Winner!

Build Orders:  

Get SALT Encoding   

  12  0:00  SCV  
  13  0:12  SCV  
  14  0:17  Supply Depot  
  14  0:24  SCV  
  15  0:38  SCV  
  15  0:39  Barracks  
  16  0:43  Refinery  
  16  0:50  SCV  
  17  1:02  SCV  
  18  1:15  SCV  
  19  1:27  Orbital Command  
  20  1:36  Command Center  
  19  1:40  Marine  
  20  1:52  Factory  
  20  1:55  SCV  
  21  2:03  Barracks Reactor, Refinery  
  21  2:08  SCV  
  22  2:13  Supply Depot  
  22  2:20  SCV  
  23  2:35  SCV  
  23  2:36  Starport, Hellion  
  26  2:40  Marine  
  26  2:41  Marine  
  28  2:47  SCV  
  29  2:53  Orbital Command  
  29  2:59  SCV  
  29  3:03  Marine x2  
  32  3:09  Widow Mine  
  32  3:11  SCV  
  35  3:15  Medivac  
  37  3:20  SCV  
  37  3:25  Supply Depot  
  37  3:26  Marine  
  39  3:27  Marine  
  39  3:29  SCV  
  39  3:32  SCV  
  39  3:33  Factory Tech Lab  
  42  3:41  SCV  
  42  3:44  SCV  
  42  3:45  Starport Tech Lab  
  44  3:49  Marine  
  44  3:50  Marine  
  44  3:52  Cyclone  
  44  3:54  SCV, Supply Depot  
  50  4:02  SCV  
  51  4:03  Raven  
  51  4:06  SCV  
  51  4:09  Supply Depot  
  54  4:15  Marine x2  
  54  4:16  SCV  
  57  4:18  SCV  
  57  4:21  Barracks  
  57  4:27  Siege Tank  
  57  4:29  SCV  
  57  4:30  SCV  
  61  4:33  Marine x2, Bunker  
  63  4:42  SCV  
  63  4:43  SCV  
  63  4:45  Barracks  
  63  4:46  Starport Reactor  
  63  4:49  Refinery, Supply Depot  
  63  4:52  Marine x2  
  64  4:55  SCV x2  
  64  4:59  Engineering Bay  
  67  5:02  Siege Tank  
  70  5:09  Supply Depot  
  70  5:10  SCV x2  
  72  5:17  Marine x2  
  72  5:19  Refinery  
  74  5:22  Marine, Stimpack  
  74  5:23  SCV x2  
  74  5:25  Terran Infantry Weapons Level 1  
  77  5:28  Supply Depot  
  77  5:37  Marine x2  
  77  5:40  Marauder  
  77  5:42  Factory Reactor  
  81  5:44  Marauder  
  81  5:45  Combat Shield  
  83  5:50  Supply Depot  
  83  5:51  Supply Depot  
  83  5:52  SCV x2  
  83  5:55  Marine x2  
  87  6:01  Marauder  
  89  6:06  Medivac x2  
  93  6:14  Supply Depot  
  93  6:16  Marauder  
  93  6:18  Marine x2  
  97  6:23  Marauder  
  99  6:27  Command Center  
  99  6:35  Missile Turret  
  99  6:36  Medivac x2  
  99  6:38  Widow Mine  
  105  6:41  Marauder  
  105  6:45  Marauder  
  105  6:46  Marine x2  
  111  6:54  Supply Depot  
  111  6:56  Barracks  
  112  7:01  SCV x2  
  112  7:03  Barracks  
  112  7:05  Concussive Shells  
  113  7:12  Supply Depot  
  113  7:13  SCV x2  
  115  7:16  Marauder  
  115  7:19  Terran Infantry Armor Level 1  
  115  7:20  Medivac  
  115  7:21  Medivac  
  119  7:28  SCV x2  
  119  7:29  Ghost Academy  
  121  7:36  Marauder, Marine x2  
  125  7:37  Marauder  
  125  7:40  SCV  
  125  7:42  SCV  
  128  7:47  Missile Turret  
  128  7:48  Barracks Tech Lab  
  128  7:52  Barracks Reactor, SCV  
  128  7:53  Widow Mine x2  
  128  7:54  SCV  
  134  7:59  Ghost x2  
  134  8:04  SCV, Supply Depot  
  139  8:06  Orbital Command  
  139  8:08  SCV  
  140  8:13  Refinery  
  140  8:14  Refinery, Ghost  
  140  8:16  SCV  
  143  8:21  Supply Depot  
  143  8:23  Supply Depot  
  143  8:26  SCV  
  144  8:28  SCV  
  144  8:29  Ghost  
  144  8:30  Supply Depot  
  144  8:34  Ghost  
  147  8:40  Marine x3  
  152  8:42  Marine  
  152  8:43  Ghost  
  152  8:44  Supply Depot  
  155  8:49  Viking  
  157  8:58  Armory  
  157  8:59  Engineering Bay  
  157  9:00  Supply Depot  
  157  9:06  Marauder  
  157  9:07  Marauder, Marine x3  
  164  9:12  Marauder  
  164  9:13  Orbital Command, Supply Depot  
  164  9:15  SCV x3  
  169  9:28  Marine x3, Ghost x2  
  167  9:34  Marauder  
  162  9:52  Terran Infantry Weapons Level 2, Terran Infantry Armor Level 2  
  154  9:53  SCV x3  
  154  9:55  Marauder  
  154  9:58  Marine x2  
  154  9:59  Marauder x2  
  165  10:07  Medivac x2  
  165  10:09  SCV x3  
  164  10:30  Marine x4  
  164  10:31  Marauder x2  
  157  10:36  Widow Mine x2  
  157  10:37  Medivac x2  
  157  10:40  SCV x3  
  160  10:46  Command Center  
  160  10:49  Missile Turret  
  158  10:52  Marine x4, Ghost x2  
  158  10:53  Marauder  
  168  10:59  Barracks  
  168  11:00  Barracks  
  168  11:01  Barracks  
  168  11:05  Widow Mine x2  
  168  11:08  Missile Turret  
  171  11:12  Marine x4  
  171  11:13  Viking x2  
  169  11:47  Ghost x2  
  169  11:48  Marauder, Marine x4, Barracks Tech Lab  
  169  11:49  Barracks Reactor, Barracks Tech Lab  
  169  11:52  SCV x3  
  178  11:59  Medivac x2  
  182  12:04  SCV x3  
  182  12:07  Missile Turret  
  182  12:08  Ghost x2  
  185  12:09  Marauder, Marine x2  
  185  12:14  Terran Infantry Weapons Level 3  
  193  12:16  Missile Turret  
  189  12:25  Marine x4  
  189  12:26  Marauder x2, Marine x2  
  189  12:27  Planetary Fortress  
  183  12:42  Marine x2  
  183  12:43  Marauder, Marine x3  
  174  12:46  Marine x2  
  174  12:47  Marauder x2  
  174  12:51  Marine  
  169  13:00  Marine, Ghost  
  169  13:01  Marine x3  
  169  13:04  Marauder, Marine, Widow Mine  
  169  13:05  Viking, Widow Mine  
  175  13:21  Marine x4, Ghost x2  
  175  13:22  Marauder, Marine x2  
  175  13:26  Marauder  
  189  13:29  Marauder  
  191  13:39  Marine x3  
  194  13:42  Command Center, Ghost  
  194  13:44  Marine x2  
  194  13:47  Marauder  
  200  14:06  Ghost  
  190  14:11  Ghost  
  190  14:12  Liberator x2  
  176  14:34  Marine  
  176  14:35  Marauder, Marine x2  
  176  14:36  Marauder  
  167  14:41  Marauder x2, Marine  
  167  14:42  Marauder  
  119  15:19  Missile Turret x2  
  119  15:21  Missile Turret  
  113  15:52  Barracks Tech Lab  
  102  15:57  Barracks Tech Lab  
  85  16:48  Command Center  
Tags
 
Add a new tag
Caveats
  • Supply blocks, unpowered buildings, or Contaminate may cause inaccurate times.
  • Supply counts are checked every 10 seconds.